 Dungeon Crawl Stone Soup version 0.23.2-1-ga50397a6bc (webtiles) character file.

Game seed: 9289529066438714881

196 Descartes the Sneak (level 5, 0/24 HPs)
             Began as a Vine Stalker Enchanter on Apr 30, 2019.
             Slain by a worker ant (2 damage)
             ... on level 4 of the Dungeon.
             The game lasted 00:10:10 (4111 turns).

Descartes the Sneak (Vine Stalker Enchanter)        Turns: 4111, Time: 00:10:11

Health: 0/24       AC:  3    Str: 10 (11) XL:     5   Next: 74%
Magic:  0/10       EV: 12    Int: 13 (15) God:
Gold:   158        SH:  0    Dex: 15      Spells: 3/9 levels left

rFire    . . .     SeeInvis .   a - +1 dagger
rCold    . . .     Gourm    .   (no shield)
rNeg     . . .     Faith    .   k - +0 leather armour
rPois    .         Spirit   +   (no helmet)
rElec    .         Reflect  .   (no cloak)
rCorr    +         Harm     .   (no gloves)
MR       .....                  (no boots)
Stlth    +++.......             (no amulet)
HPRegen  0.48/turn              u - ring of resist corrosion
MPRegen  0.12/turn              (no ring)

@: lethally poisoned (0 -> 0)
A: fangs 2, regeneration 1, magic shield, antimagic bite, no potion heal 3, rot
immunity
a: no special abilities


You were on level 4 of the Dungeon.
You were not hungry.

You visited 1 branch of the dungeon, and saw 4 of its levels.

You collected 158 gold pieces.

Inventory:

Hand Weapons
 a - a +1 dagger (weapon)
 b - a +0 blowgun
 s - a +0 hunting sling
Missiles
 c - 168 stones (quivered)
 f - 54 sling bullets
 r - 12 poisoned needles
Armour
 k - a +0 leather armour (worn)
 o - a +0 robe
Jewellery
 u - a ring of resist corrosion (left hand)
Wands
 j - a wand of enslavement (9)
Scrolls
 e - 3 scrolls of identify {unknown}
 h - a scroll of fear {unknown}
 l - 2 scrolls of teleportation {unknown}
 m - 3 scrolls of remove curse {unknown}
Potions
 g - a potion of flight {unknown}
 i - a potion of brilliance {unknown}
 n - a potion of cancellation {unknown}
 p - a potion of lignification {unknown}
 t - a potion of magic {unknown}
Comestibles
 d - 6 rations
 q - 2 chunks of flesh


   Skills:
 + Level 1.4 Short Blades
 * Level 2.5 Dodging
 * Level 4.8 Stealth
 * Level 1.9 Unarmed Combat
 + Level 2.7 Spellcasting
 * Level 3.8 Hexes
 + Level 0.8 Ice Magic


You had 3 spell levels left.
You knew the following spells:

 Your Spells              Type           Power        Failure   Level  Hunger
a - Corona                Hex            ##.....      7%          1    #......
b - Confuse               Hex            ##......     21%         3    ###....
c - Ensorcelled Hibernat  Hex/Ice        #.....       19%         2    ###....

Your spell library contained the following spells:

 Spells                   Type           Power        Failure   Level  Hunger
 Tukima's Dance           Hex            ##......     21%         3    ###....
 Dazzling Spray           Conj/Hex       #.....       41%         3    ###....


Dungeon Overview and Level Annotations

Branches:
Dungeon (4/15)
 Temple: D:4-7

Altars:
Ashenzari
Cheibriados
Okawaru
Ru
Wu Jian
The Shining One


Innate Abilities, Weirdness & Mutations

You have extremely sharp teeth.
Your natural rate of healing is unusually fast.
When hurt, damage is shared between your health and your magic reserves.
Your bite disrupts and absorbs the magic of your enemies.
Potions cannot restore your health.
You are immune to rotting.


Message History

You feel sick. The worker ant bites you.
* * * LOW HITPOINT WARNING * * *
You closely miss the worker ant.
The worker ant is almost dead.
You feel sick.
The worker ant bites you but does no damage.
You completely miss the worker ant.
You bite the worker ant, but do no damage.
The worker ant is almost dead.
The worker ant barely misses you.
You barely miss the worker ant.
The worker ant is almost dead.
You feel sick. The worker ant bites you.
* * * LOW HITPOINT WARNING * * *
You closely miss the worker ant. Your bite misses the worker ant.
The worker ant is almost dead.
You feel sick. The worker ant bites you.
* * * LOW HITPOINT WARNING * * *
The worker ant bites you!
You die...

.#. .<. #.# #.. #.#
#.. #.# ##<. #.#
...##### #.#
#.#...## #.# .
#a@###.#####.#####.
#..# #....<......!.
#..# #.#####.....##
!.#...## #####.#
##. #.# #.## #. #.
#... #. # #### ..


You could see a worker ant.

Vanquished Creatures
  A bullfrog (D:3)
  An adder (D:2)
  An ooze (D:1)
  5 worms
  5 dart slugs
  3 leopard geckos
  3 orcs (D:3)
  4 giant cockroaches
  7 goblins
  6 hobgoblins
  13 jackals
  A quokka (D:2)
  4 ball pythons
  6 bats
  4 frilled lizards
  12 kobolds
  10 rats
86 creatures vanquished.

Notes
Turn   | Place    | Note
-------+----------+-------------------------------------------
     0 | D:1      | Descartes the Vine Stalker Enchanter began the quest for
                  | the Orb.
     0 | D:1      | Reached XP level 1. HP: 9/9 MP: 4/4
   266 | D:1      | Reached skill level 1 in Short Blades
   273 | D:1      | Reached XP level 2. HP: 7/13 MP: 6/6
   573 | D:1      | Reached skill level 4 in Stealth
   573 | D:1      | Reached XP level 3. HP: 11/16 MP: 7/7
  1287 | D:1      | Reached skill level 1 in Unarmed Combat
  1761 | D:1      | Learned a level 3 spell: Confuse
  1764 | D:1      | Learned a level 2 spell: Ensorcelled Hibernation
  2099 | D:2      | Found an iron altar of Okawaru.
  2099 | D:2      | Found a glowing golden altar of the Shining One.
  2099 | D:2      | Found a snail-covered altar of Cheibriados.
  2592 | D:2      | Gained mutation: Your natural rate of healing is unusually
                  | fast. [Vine Stalker growth]
  2592 | D:2      | Reached XP level 4. HP: 19/21 MP: 8/8
  3376 | D:3      | Found a shattered altar of Ashenzari.
  3554 | D:3      | Reached XP level 5. HP: 10/24 MP: 2/9
  3685 | D:3      | Found a sacrificial altar of Ru.
  3896 | D:3      | Found an ornate altar of the Wu Jian Council.
  4061 | D:4      | Noticed a slave
  4111 | D:4      | Slain by a worker ant

Skill      XL: |  1  2  3 |
---------------+----------+-----
Short Blades   | 1 |  1.4
Stealth        | 4 |  4.8
Dodging        | 2 |  2.5
Unarmed Combat | 1 |  1.9
Spellcasting   | |  2.7
Hexes          | |  3.8
Ice Magic      | |  0.8

Action                   |  1- 3 |  4- 6 || total
-------------------------+-------+-------++-------
Melee: Dagger            |   171 |   201 ||   372
       Bite              |    36 |    51 ||    87
       Punch             |     1 |     2 ||     3
 Fire: Hunting sling     |       |    10 ||    10
  Use: Potion            |       |     2 ||     2
 Stab: Sleeping          |     4 |     5 ||     9
  Eat: Chunk             |     5 |     5 ||    10
Armor: Robe              |    23 |       ||    23
       Leather armour    |    10 |    46 ||    56
Dodge: Dodged            |    91 |   143 ||   234
